 Dungeon Crawl Stone Soup version 0.31-a0-202-g547052bce9 (webtiles) character file.

Game seed: 8441041012852966158

139 qw the Skirmisher (level 5, -4/29 HPs)
             Began as a Deep Elf Hunter on June 26, 2023.
             Slain by a gnoll
             ... wielding a +0 spear
              (5 damage)
             ... on level 3 of the Dungeon.
             The game lasted 00:00:43 (1574 turns).

qw the Skirmisher (Deep Elf Hunter)                 Turns: 1574, Time: 00:00:44

Health: -4/29      AC:  5    Str:  9 (10) XL:     5   Next: 1%
Magic:  0/7        EV: 11    Int: 13 (14) God:
Gold:   107        SH:  0    Dex: 18      Spells: 4/4 levels left

rFire   + . .        Y - +0 shortbow
rCold   + . .        (shield currently unavailable)
rNeg    . . .        m - +0 ring mail
rPois   .            (no helmet)
rElec   .            (no cloak)
rCorr   .            (no gloves)
SInv    .            (no boots)
Will    .....        j - amulet of guardian spirit
Stlth   +            n - ring of protection from fire
HPRegen 0.24/turn    e - ring of protection from cold
MPRegen 0.10/turn

%: guardian spirit
@: no status effects
A: no striking features
a: no special abilities


You were on level 3 of the Dungeon.
You visited 1 branch of the dungeon, and saw 3 of its levels.

You collected 107 gold pieces.


   Skills:
 - Level 1.5 Fighting
 + Level 8.4 Ranged Weapons
 - Level 2.4 Dodging
 - Level 1.2 Stealth


You had 4 spell levels left.
You didn't know any spells.
Your spell library was empty.

Inventory:

Hand Weapons
 Y - a +0 shortbow (weapon)
Armour
 m - a +0 ring mail (worn)
Jewellery
 b - a ring of protection from fire
 e - a ring of protection from cold (right hand)
 g - a ring of willpower
 j - an amulet of guardian spirit (around neck)
 n - a ring of protection from fire (left hand)
Scrolls
 a - a scroll of identify
Potions
 c - a potion of resistance {unknown}
 d - a potion of lignification {unknown}
 f - a potion of curing {unknown}
 h - a potion of attraction {unknown}
 i - a potion of heal wounds {unknown}
 k - a potion of mutation {unknown}

Dungeon Overview and Level Annotations

Branches:
Dungeon (3/15)

Altars:
The Shining One

Annotations:
D:1 2 transporters


Message History

The orc wizard closely misses you.
You shoot an arrow. The arrow hits the orc wizard.
The orc wizard is almost dead.
The orc wizard hits you but does no damage.
You shoot an arrow. The arrow barely misses the orc wizard.
The arrow hits the gnoll!
The gnoll is severely wounded.
The orc wizard casts a spell.
The orc wizard flickers and vanishes!
Deactivating autopickup; reactivate with Ctrl-A.
Something hits you but does no damage.
You shoot an arrow. The arrow hits the gnoll!
You kill the gnoll!
The dart slug launches a dart at you. The slug dart hits you.
You hear some strange, mumbled words.
A magic dart appears from out of thin air!
The magic dart hits you.
You feel your strength returning.
You shoot an arrow. The arrow hits the gnoll.
The gnoll is heavily wounded.
Something hits you.
The gnoll hits you from afar with a +0 spear!
You shoot an arrow.
Reactivating autopickup.
You feel a bit more experienced. The gnoll hits you but does no damage.
You feel your strength returning.
You have reached level 5!
You shoot an arrow. The arrow hits the gnoll.
The gnoll is almost dead.
The gnoll hits you with a +0 club!
The gnoll hits you from afar with a +0 spear.
You shoot an arrow. The arrow barely misses the gnoll.
The arrow hits the gnoll.
The gnoll is lightly wounded.
The gnoll barely misses you. The gnoll completely misses you.
You shoot an arrow. The arrow hits the gnoll.
You kill the gnoll!
The gnoll hits you from afar with a +0 spear.
You die...

##.#.....#
#.#...).#...#
#..####...).# ##.##
##...# .......#.#
.o.# ~~~~~~.#.# ...#
.~~¤..~#.### ...#
~...~¤¤#..%###w..#.>#
~._.~%¤#....@)g....#
~...~.~#...###.......
.~¤¤¤.~##### .......
....... ..g....
....... .......
.......


You could see a gnoll and a dart slug.

Vanquished Creatures
  An orc wizard (D:3)
  4 adders (D:2)
  3 gnolls (D:3)
  2 orcs (D:3)
  3 ball pythons
  3 bats
  6 endoplasms
  3 giant cockroaches (D:1)
  4 goblins
  5 hobgoblins
  4 quokkas
  2 frilled lizards
  8 kobolds
  10 rats
58 creatures vanquished.

Notes
Turn   | Place    | Note
-------+----------+-------------------------------------------
     0 | D:1      | qw the Deep Elf Hunter began the quest for the Orb.
     0 | D:1      | Reached XP level 1. HP: 12/12 MP: 3/3
     0 | D:1      | 0 ||| qw: Version: 0.3-a-22-g0ed2b0b
     0 | D:1      | 0 ||| qw: Game counter: 6126
     0 | D:1      | 0 ||| qw: Melee chars always use a shield: true
     0 | D:1      | 0 ||| qw: God list: Okawaru
     0 | D:1      | 0 ||| qw: Allow faded altars: false
     0 | D:1      | 0 ||| qw: Do Orc after clearing Dungeon:15 true
     0 | D:1      | 0 ||| qw: Do second Lair branch before Depths: true
     0 | D:1      | 0 ||| qw: Lair rune preference: random
     0 | D:1      | 0 ||| qw: Goals: Normal
     0 | D:1      | 0 ||| PLANNING D:1-11
   127 | D:1      | Reached XP level 2. HP: 16/16 MP: 4/4
   130 | D:1      | Reached skill level 6 in Ranged Weapons
   130 | D:1      | 130 ||| FLEEEEING.
   131 | D:1      | 131 ||| FLEEEEING.
   132 | D:1      | 132 ||| FLEEEEING.
   133 | D:1      | 133 ||| FLEEEEING.
   134 | D:1      | 134 ||| FLEEEEING.
   135 | D:1      | 135 ||| FLEEEEING.
   136 | D:1      | 136 ||| FLEEEEING.
   137 | D:1      | 137 ||| FLEEEEING.
   138 | D:1      | 138 ||| FLEEEEING.
   139 | D:1      | 139 ||| FLEEEEING.
   140 | D:1      | 140 ||| FLEEEEING.
   141 | D:1      | 141 ||| FLEEEEING.
   142 | D:1      | 142 ||| FLEEEEING.
   143 | D:1      | 143 ||| FLEEEEING.
   144 | D:1      | 144 ||| FLEEEEING.
   145 | D:1      | 145 ||| FLEEEEING.
   146 | D:1      | 146 ||| FLEEEEING.
   147 | D:1      | 147 ||| FLEEEEING.
   148 | D:1      | 148 ||| FLEEEEING.
   149 | D:1      | 149 ||| FLEEEEING.
   150 | D:1      | 150 ||| FLEEEEING.
   456 | D:1      | Reached XP level 3. HP: 20/20 MP: 5/5
   783 | D:1      | 783 ||| UPGRADING to +0 ring mail.
   793 | D:1      | 793 ||| DROPPING +0 leather armour.
   794 | D:1      | 794 ||| UPGRADING to ring of protection from fire.
   795 | D:1      | 795 ||| READING scroll labelled XAIGECE PAEKAM.
   800 | D:1      | 800 ||| READING scroll labelled XAENISONTI.
   801 | D:1      | 801 ||| READING scroll labelled PEPSAJIXTATU.
   802 | D:1      | 802 ||| READING scroll labelled GAT UTHIMAYL.
   842 | D:1      | 842 ||| READING 2 scrolls labelled KAANUX YD FYTA.
   843 | D:1      | 843 ||| DRINKING 2 smoky puce potions.
   844 | D:1      | 844 ||| DROPPING scroll of butterflies.
   845 | D:1      | 845 ||| DROPPING potion of degeneration.
   846 | D:1      | 846 ||| DROPPING scroll of noise.
   875 | D:2      | 875 ||| STAIRDANCE
   959 | D:2      | Reached skill level 7 in Ranged Weapons
  1030 | D:2      | Reached XP level 4. HP: 25/25 MP: 6/6
  1514 | D:2      | 1514 ||| UPGRADING to amulet of guardian spirit.
  1519 | D:2      | 1519 ||| UPGRADING to ring of protection from cold.
  1520 | D:2      | 1520 ||| READING scroll labelled RERIOL CEJIAG.
  1542 | D:3      | Found a glowing golden altar of the Shining One.
  1561 | D:3      | 1561 ||| Stepping ~*~*~tactically~*~*~ (outnumbered).
  1565 | D:3      | Reached skill level 8 in Ranged Weapons
  1570 | D:3      | HP: 5/25 [gnoll/+0 spear (5)]
  1572 | D:3      | Reached XP level 5. HP: 6/29 MP: 2/7
  1572 | D:3      | HP: 1/29 [gnoll/+0 club (6)]
  1574 | D:3      | Slain by a gnoll

Levels and vault maps discovered:
D:1:      spicycebolla_arrival_transporter_tutorial, layout_basic,
          minmay_hexomino_f4
D:2:      layout_loops_ring, hex_large, minmay_misc_feat_five
D:3:      layout_rooms, mainiacjoe_overflow_paths, elyvilon_altar_3,
          minmay_cupped, uniq_robin, uniq_grinder

Skill      XL: |  1  2  3  4 |
---------------+-------------+-----
Ranged Weapons | 6 7 8 |  8.4
Fighting       | |  1.5
Dodging        | |  2.4
Stealth        | |  1.2

Action                     |  1- 3 |  4- 6 || total
---------------------------+-------+-------++-------
   Fire: Shortbow          |    83 |    48 ||   131
    Use: Scroll            |     5 |     1 ||     6
         Potion            |     1 |       ||     1
 Armour: Leather armour    |     1 |       ||     1
         Ring mail         |     6 |     6 ||    12
  Dodge: Dodged            |     8 |    11 ||    19

Table legend:
 A = Non-vault XP
 B = Vault XP
 C = Vault XP percentage of total XP
 D = Non-vault monster count
 E = Vault monster count
 F = Vault count percentage of total count
                 A         B        C        D         E       F
            +---------+---------+-------+---------+---------+-------
      Total |     205 |       8 |   3.8 |      53 |       5 |   8.6
            +---------+---------+-------+---------+---------+-------
        D:1 |      38 |       8 |  17.4 |      23 |       5 |  17.9
        D:2 |      78 |       0 |   0.0 |      20 |       0 |   0.0
        D:3 |      89 |       0 |   0.0 |      10 |       0 |   0.0
            +---------+---------+-------+---------+---------+-------
